 Dungeon Crawl Stone Soup version 0.14-a0-852-g0ba292f (webtiles) character file.

12574 4tharraofdagon the Cleaver (level 11, 0/63 HPs)
             Began as a Gargoyle Fighter on Nov 15, 2013.
             Was the Champion of Makhleb.
             Slain by a polar bear (17 damage)
             ... in an ice cave.
             The game lasted 00:27:30 (4779 turns).

4tharraofdagon the Cleaver (Gargoyle Fighter)       Turns: 4779, Time: 00:27:30

HP   0/63        AC 21     Str 20      XL: 11   Next: 91%
MP  18/18        EV  5     Int 10      God: Makhleb [******]
Gold 247         SH  0     Dex  9      Spells:  0 memorised, 10 levels left

Res.Fire  : . . .   See Invis. : .   X - +2 battleaxe (freeze) (curse)
Res.Cold  : . . .   Warding    : .   g - +1 orc plate armour (curse)
Life Prot.: + . .   Conserve   : .   (no shield)
Res.Poison: +       Res.Corr.  : .   (no helmet)
Res.Elec. : +       Clarity    : .   (no cloak)
Sust.Abil.: . .     Spirit.Shd : .   (no gloves)
Res.Mut.  : .       Stasis     : .   (no boots)
Res.Rott. : +       Flight     : .   (no amulet)
Saprovore : . . .                    (no ring)
                                     N - cursed ring of protection from magic

@: quite resistant to hostile enchantments, extremely unstealthy
A: fangs 1, talons 2, blink 1, -10% hp, life protection 1, electricity
resistance, slow metabolism 1, unbreathing, petrification resistance, AC +7, Str
-2
a: Blink, Minor Destruction, Lesser Servant of Makhleb, Major Destruction,
Greater Servant of Makhleb, Renounce Religion


You were in an ice cave.
You worshipped Makhleb.
Makhleb was exalted by your worship.
You were not hungry.

You visited 3 branches of the dungeon, and saw 17 of its levels.
You also visited: Ossuary and Ice Cave.

You collected 318 gold pieces.
You spent 71 gold pieces at shops.

Inventory:

Hand weapons
 a - a cursed +0,+0 hand axe
 j - a +2,+3 dwarven war axe
 q - the +7,+8 hand axe of Valour {flame, MR+, unknown}
   (You found it on level 2 of the Lair of Beasts)

   It emits flame when wielded, causing extra injury to most foes and up to
   double damage against particularly susceptible opponents.
   Big, fiery blades are also staple armaments of hydra-hunters.
   It affects your resistance to hostile enchantments.
 D - a -3,+0 orcish war axe
 H - the +8,+5 dagger of Foul Odors {freeze, rElec rN+, unknown}
   (You found it on level 8 of the Dungeon)

   It has been specially enchanted to freeze those struck by it, causing extra
   injury to most foes and up to double damage against particularly susceptible
   opponents.
   It can also slow down cold-blooded creatures.
   It insulates you from electricity.
   It protects you from negative energy.
 L - a +2 blowgun
 X - a cursed +2,+2 battleaxe of freezing (weapon)
Missiles
 y - 2 exploding darts
 A - 3 tomahawks (quivered)
Armour
 b - a +0 scale mail
 c - a +0 shield
 g - a cursed +1 orcish plate armour (worn)
 R - the -3 chain mail "Grabyovol" {Str+4 Dex+3 Curse}
   (You found it on level 10 of the Dungeon)

   It affects your strength (+4).
   It affects your dexterity (+3).
   It may recurse itself.
Magical devices
 r - a wand of lightning (6)
 K - a wand of confusion (7)
 O - a wand of enslavement (8)
 Q - a wand of disintegration (24)
 V - a wand of confusion (15)
 W - a wand of cold (2)
Comestibles
 d - 5 bread rations
 f - a choko
 x - 9 cheeses
 z - 2 beef jerkies
 J - 2 meat rations
 M - 2 pears
 T - 3 rotting chunks of giant slug flesh
Scrolls
 n - a scroll of noise
 o - 3 scrolls of teleportation
 p - 2 scrolls of recharging
 u - a scroll of remove curse
 w - a scroll of enchant armour
Jewellery
 e - a cursed ring of hunger
 t - an uncursed amulet of inaccuracy
 N - a cursed ring of protection from magic (left hand)
 S - a -2 ring of dexterity
Potions
 h - a potion of resistance {unknown}
 i - 2 potions of confusion {unknown}
 k - 2 potions of flight {unknown}
 m - 2 potions of might {unknown}
Books
 l - the Catalogue of the Mutagenic Mountains
   (You found it on level 11 of the Dungeon)

   Spells                             Type                      Level
   Sandblast                          Earth                        1
   Stoneskin                          Transmutation/Earth          2
   Passwall                           Transmutation/Earth          3
   Petrify                            Transmutation/Earth          4
   Bolt of Magma                      Conjuration/Fire/Earth       5
   Lee's Rapid Deconstruction         Earth                        5
 G - a book of Flames

   Spells                             Type                      Level
   Flame Tongue                       Conjuration/Fire             1
   Throw Flame                        Conjuration/Fire             2
   Conjure Flame                      Conjuration/Fire             3
   Inner Flame                        Hexes/Fire                   3
   Sticky Flame                       Conjuration/Fire             4
   Fireball                           Conjuration/Fire             5
Magical staves
 U - an uncursed staff of death {unknown}


   Skills:
 + Level 11.2 Fighting
 * Level 12.5 Axes
 + Level 6.9 Armour
   Level 3.2 Shields
 + Level 5.3 Evocations


You had 10 spell levels left.
You didn't know any spells.

Dungeon Overview and Level Annotations

Branches:
Dungeon (12/16)            Temple (1/1) D:5             Orc (0/4) D:6
   Lair (4/8) D:10          Snake (0/5) Lair:4
  Swamp: Lair:3-6    Shoals: Lair:3-6    Spider: Lair:3-6

Altars:
Fedhas
Makhleb
Nemelex Xobeh
Okawaru
Yredelemnul

Shops:
D:6 !(

Annotations:
D:4 Eustachio, Pikel
D:5 Egon's ghost, experienced DjWz
D:10 Grum IceCv exclusion: ice statue


Innate Abilities, Weirdness & Mutations

You are resistant to torment.
You are immune to poison.
Your stone body is very resilient (AC +7).
You have very sharp teeth.
You have razor-sharp toenails.
You resist negative energy.
You have a slow metabolism.
You can survive without breathing.
You are immune to petrification.
You can translocate small distances at will.
You are frail (-10% HP).
You are resistant to electric shocks.
You are weak. (Str -2)


Message History

* * * LOW HITPOINT WARNING * * *
The polar bear barely misses you.
The polar bear claws you but does no damage.
Drink which item? (? for menu, Esc to quit)
Okay, then.
You slice the polar bear!! You freeze the polar bear.
Your kick misses the polar bear.
The polar bear is heavily wounded.
The polar bear bites you but does no damage.
The polar bear completely misses you. The polar bear barely misses you.
Unknown command.
You slash the polar bear! You freeze the polar bear.
The polar bear is almost dead.
The polar bear turns to fight!
The polar bear goes berserk!
Unknown command.
You barely miss the polar bear. You claw the polar bear.
You bite the polar bear, but do no damage.
The polar bear is almost dead.
The polar bear bites you!
You die...

##...###..##.#
####..###
##....#
##..#.##
##..## #..#.##
#### #.#.#.#
#..#..#
#.#..#.#
#.U##...#
#@#.##.#..#
##..# #.#..
### ## .


You could see a polar bear (berserk).

Vanquished Creatures
  Joseph (D:11)
  A hill giant (D:10)
  A spiny frog (Lair:4)
  5 polar bears (IceCv)
  A griffon zombie (D:10)
  11 yaks
  3 hippogriffs
  A steam dragon (D:8)
  4 wolves
  2 manticores (D:8)
  3 hill giant skeletons
  9 ice beasts
  A porcupine (Lair:4)
  4 orc warriors
  3 sky beasts
  3 human zombies (Ossuary)
  A yellow wasp (D:11)
  7 centaurs
  A black bear (D:11)
  3 phantoms
  3 ogres
  A human (D:7)
  A crocodile (Lair:2)
  2 giant slugs
  A giant frog (D:7)
  16 big kobolds
  An agate snail (Lair:2)
  A manticore skeleton (D:11)
  9 wights
  4 killer bees (D:8)
  4 crimson imps
  An iguana (D:5)
  4 orc priests
  9 orc wizards
  A giant frog skeleton (D:8)
  6 worker ants
  3 centaur zombies (Ossuary)
  2 jellies (D:11)
  10 scorpions (Ossuary)
  A hound (D:8)
  A quasit (D:10)
  4 sheep (D:7)
  3 big kobold zombies (Ossuary)
  A sky beast zombie (D:5)
  A big kobold skeleton (D:9)
  3 mummies (Ossuary)
  A gnoll (D:3)
  4 adders
  7 green rats (Lair:4)
  2 worms
  5 scorpion zombies (Ossuary)
  2 giant eyeballs
  3 giant geckos
  An ooze (D:3)
  28 orcs
  A bat skeleton (D:4)
  A bat zombie (D:6)
  4 giant cockroaches
  2 gnoll zombies (Ossuary)
  6 hobgoblins
  2 jackals (D:3)
  5 bats
  2 giant newts
  6 goblins
  A goblin zombie (Ossuary)
  3 hobgoblin zombies (Ossuary)
  A jackal skeleton (D:6)
  22 kobolds
  A kobold skeleton (D:4)
  2 orc zombies (Ossuary)
  3 quokkas (Lair:4)
  5 rats
278 creatures vanquished.

Notes
Turn   | Place    | Note
--------------------------------------------------------------
     0 | D:1      | 4tharraofdagon, the Gargoyle Fighter, began the quest for the Orb.
     0 | D:1      | Reached XP level 1. HP: 14/14 MP: 0/0
   178 | D:3      | Reached XP level 2. HP: 13/19 MP: 1/1
   287 | D:3      | Reached XP level 3. HP: 8/24 MP: 2/2
   462 | D:4      | Noticed Eustachio
   474 | D:4      | Noticed Pikel
   474 | D:4      | Noticed a slave
   475 | D:4      | Noticed a slave
   540 | D:5      | Entered Level 5 of the Dungeon
   546 | D:5      | Reached skill level 4 in Fighting
   546 | D:5      | Reached XP level 4. HP: 21/29 MP: 3/3
   574 | D:4      | Found a blossoming altar of Fedhas.
   574 | D:4      | Noticed a centaur
   705 | D:5      | Noticed Egon's ghost (experienced DjWz)
   714 | D:6      | Noticed an orc warrior
   759 | D:7      | Noticed an ogre
   778 | D:7      | Killed an ogre
   778 | D:7      | Reached XP level 5. HP: 29/33 MP: 4/4
   788 | D:7      | Noticed a giant frog
   792 | D:7      | Killed a giant frog
   792 | D:7      | Reached skill level 5 in Fighting
   792 | D:7      | Reached XP level 6. HP: 34/39 MP: 5/5
   807 | D:7      | Noticed a centaur
   815 | D:7      | Killed a centaur
   815 | D:7      | Reached skill level 5 in Axes
   849 | D:7      | Noticed a centaur
   854 | D:7      | Killed a centaur
   854 | D:7      | Reached XP level 7. HP: 26/44 MP: 6/6
   900 | D:7      | Noticed a big kobold
   900 | D:7      | Noticed a big kobold
   900 | D:7      | Noticed a big kobold
   901 | D:7      | Noticed a big kobold
   901 | D:7      | Noticed a big kobold
   901 | D:7      | Noticed a big kobold
   901 | D:7      | Noticed a big kobold
   902 | D:7      | Noticed a big kobold
   928 | D:7      | Noticed a big kobold
   929 | D:7      | Noticed a big kobold
   953 | D:6      | Found Strairai's Weapon Boutique.
   953 | D:6      | Noticed an orc warrior
   954 | D:6      | Noticed an orc warrior
   967 | D:7      | Killed a big kobold
   985 | D:6      | Noticed a centaur
   990 | D:6      | Killed a centaur
   990 | D:6      | Reached skill level 6 in Fighting
   997 | D:6      | Killed a big kobold
  1020 | D:5      | Found a staircase to the Ecumenical Temple.
  1028 | Temple   | Entered the Ecumenical Temple
  1032 | Temple   | Became a worshipper of Makhleb the Destroyer
  1065 | D:5      | Noticed a sky beast
  1079 | D:5      | Killed a sky beast
  1116 | D:5      | Reached XP level 8. HP: 39/50 MP: 7/7
  1219 | D:4      | Noticed an ogre
  1306 | D:7      | Killed a big kobold
  1332 | D:7      | Found a sand-covered staircase.
  1337 | Ossuary  | Entered an ossuary
  1374 | Ossuary  | Reached skill level 7 in Axes
  1376 | Ossuary  | Acquired Makhleb's first power
  1576 | Ossuary  | Reached skill level 8 in Axes
  1585 | Ossuary  | Acquired Makhleb's second power
  1733 | D:7      | Killed a big kobold
  1751 | D:7      | Killed a big kobold
  1751 | D:7      | Reached XP level 9. HP: 56/56 MP: 8/8
  1765 | D:7      | Noticed a phantom
  1775 | D:7      | Killed a phantom
  1777 | D:7      | Noticed a human
  1793 | D:7      | Killed a human
  1815 | D:7      | Reached skill level 9 in Axes
  1850 | D:7      | Noticed a big kobold
  1857 | D:7      | Killed a big kobold
  1884 | D:7      | Killed a big kobold
  1887 | D:7      | Noticed a big kobold
  1898 | D:7      | Killed a big kobold
  1909 | D:7      | Noticed a big kobold
  1919 | D:7      | Killed a big kobold
  1922 | D:7      | Killed a big kobold
  1950 | D:7      | Paralysed by a giant eyeball for 3 turns
  1976 | D:7      | Killed a big kobold
  1995 | D:7      | Noticed a big kobold
  2011 | D:7      | Killed a big kobold
  2011 | D:7      | Killed a big kobold
  2037 | D:7      | Killed a big kobold
  2072 | D:7      | Noticed a centaur
  2081 | D:7      | Killed a centaur
  2096 | D:7      | Noticed an ice beast
  2103 | D:7      | Killed an ice beast
  2137 | D:7      | Noticed a big kobold
  2144 | D:7      | Killed a big kobold
  2144 | D:7      | Acquired Makhleb's third power
  2144 | D:7      | Reached skill level 10 in Axes
  2152 | D:6      | Gained mutation: You are frail (-10% HP). [potion of mutation]
  2152 | D:6      | Gained mutation: Your magical capacity is low (-10% MP). [potion of mutation]
  2152 | D:6      | Lost mutation: Your magical capacity is low (-10% MP). [potion of mutation]
  2153 | D:6      | Gained mutation: You are resistant to electric shocks. [potion of mutation]
  2154 | D:6      | Gained mutation: You are weak. (Str -2) [potion of mutation]
  2154 | D:6      | Gained mutation: You can translocate small distances at will. [potion of mutation]
  2183 | D:6      | Killed an orc warrior
  2214 | D:6      | Found a staircase to the Orcish Mines.
  2325 | D:6      | Found Elyc's Distillery.
  2338 | D:6      | Bought a potion of agility for 32 gold pieces
  2338 | D:6      | Bought a potion of heal wounds for 39 gold pieces
  2401 | D:6      | Killed an orc warrior
  2436 | D:6      | Killed an orc warrior
  2657 | D:8      | Reached XP level 10. HP: 56/56 MP: 9/9
  2908 | D:8      | Got an iridescent dagger
  3054 | D:8      | Reached skill level 11 in Axes
  3135 | D:8      | Acquired Makhleb's fourth power
  3286 | D:8      | Reached skill level 1 in Evocations
  3458 | D:10     | Entered Level 10 of the Dungeon
  3465 | D:10     | Noticed Grum
  3474 | D:11     | Noticed Joseph
  3480 | D:11     | Reached skill level 10 in Fighting
  3493 | D:11     | Killed Joseph
  3531 | D:10     | Noticed a hill giant
  3550 | D:10     | HP: 1/57 [hill giant/giant club (23)]
  3553 | D:10     | Killed a hill giant
  3560 | D:10     | Got a bloodstained chain mail
  3608 | D:10     | Identified the cursed -3 chain mail "Grabyovol" {Str+4 Dex+3 Curse} (You found it on level 10 of the Dungeon)
  3723 | D:11     | Acquired Makhleb's fifth power
  3724 | D:11     | Reached skill level 5 in Armour
  3732 | D:11     | Reached XP level 11. HP: 62/62 MP: 15/15
  3745 | D:11     | Identified the Catalogue of the Mutagenic Mountains
  4152 | D:10     | Paralysed by a giant eyeball for 4 turns
  4242 | D:10     | Reached skill level 12 in Axes
  4261 | D:10     | Found a staircase to the Lair.
  4269 | Lair:1   | Entered Level 1 of the Lair of Beasts
  4300 | Lair:2   | Got a slimy hand axe
  4581 | Lair:4   | Found a staircase to the Snake Pit.
  4641 | Lair:4   | Found a frozen archway.
  4666 | IceCv    | Entered an ice cave
  4699 | IceCv    | Reached skill level 5 in Evocations
  4718 | IceCv    | Noticed an ice statue
  4779 | IceCv    | Slain by a polar bear

Action                   |  1- 3 |  4- 6 |  7- 9 | 10-12 || total
-------------------------+-------+-------+-------+-------++-------
Melee: Hand axe          |    60 |       |       |       ||    60
       War axe           |    10 |    24 |   358 |   294 ||   686
       Battleaxe         |       |       |       |   124 ||   124
Throw: Tomahawk          |       |     3 |       |       ||     3
Evoke: Wand              |       |       |       |     9 ||     9
  Use: Potion            |     1 |     1 |     4 |     3 ||     9
       Scroll            |       |     7 |     7 |    10 ||    24
 Stab: Confused          |       |       |       |     3 ||     3
       Fleeing           |       |       |       |     1 ||     1
